 Dungeon Crawl Stone Soup version 0.25-a0-265-g7af84ae0ac (webtiles) character file.

Game seed: 16112959328610199074, levelgen mode: deterministic

67 MirrMurr the Poker (level 4, -2/35 HPs)
             Began as a Demonspawn Berserker on Dec 7, 2019.
             Was a Believer of Trog.
             Slain by a gnoll
             ... wielding a +0 flail
              (6 damage)
             ... on level 2 of the Dungeon.
             The game lasted 00:03:47 (2161 turns).

MirrMurr the Poker (Demonspawn Berserker)           Turns: 2161, Time: 00:03:47

Health: -2/35      AC:  7    Str: 18    XL:     4   Next: 0%
Magic:  4/4        EV: 11    Int:  8    God:    Trog [**....]
Gold:   34         SH:  0    Dex: 13    Spells: 3/3 levels left

rFire    . . .     SeeInvis .   a - +0 spear
rCold    . . .     Gourm    .   (no shield)
rNeg     . . .     Faith    .   l - +0 ring mail
rPois    .         Spirit   .   (no helmet)
rElec    .         Reflect  .   (no cloak)
rCorr    .         Harm     .   (no gloves)
MR       .....                  (no boots)
Stlth    +.........             (no amulet)
HPRegen  0.11/turn              (no ring)
MPRegen  0.09/turn              (no ring)

@: flying
A: talons 2, yellow scales 1
a: Berserk, Trog's Hand, Renounce Religion


You were on level 2 of the Dungeon.
You worshipped Trog.
Trog was pleased with you.
You were not hungry.

You visited 1 branch of the dungeon, and saw 3 of its levels.

You collected 34 gold pieces.

Inventory:

Hand Weapons
 a - a +0 spear (weapon)
Missiles
 h - 34 sling bullets
 n - 37 stones (quivered)
 p - 7 poisoned darts
Armour
 l - a +0 ring mail (worn)
Jewellery
 f - an uncursed ring of protection from cold {unknown}
Scrolls
 b - a scroll of fog {unknown}
 d - a scroll of teleportation
Potions
 e - a potion of resistance {unknown}
 g - 2 potions of cancellation {unknown}
 j - a potion of lignification {unknown}
 k - 2 potions of flight
 m - a potion of agility {unknown}
 o - a potion of curing {unknown}
Comestibles
 c - 5 rations
 i - 4 chunks of flesh


   Skills:
 + Level 3.4 Fighting
 * Level 3.5 Polearms
 + Level 2.3 Armour
 + Level 2.3 Dodging


You had 3 spell levels left.
You didn't know any spells.
Your spell library was empty.

Dungeon Overview and Level Annotations

Branches:
Dungeon (3/15)

Altars:


Innate Abilities, Weirdness & Mutations

You have razor-sharp toenails.
You are partially covered in yellow scales. (AC +2)


Message History

The gnoll hits you from afar with a +0 halberd.
You closely miss the gnoll. Your kick misses the gnoll.
The gnoll barely misses you. The gnoll hits you but does no damage.
The gnoll hits you from afar with a +0 halberd!
* * * LOW HITPOINT WARNING * * *
You are too injured to fight recklessly!
The gnoll hits you but does no damage.
Things that are here:
a +0 dagger; a +0 leather armour
There is a stone staircase leading up here.
The gnoll hits you with a +0 flail.
* * * LOW HITPOINT WARNING * * *
You climb upwards.
There is a stone staircase leading down here.
The gnoll barely misses you.
Some of the chunks of flesh in your inventory have rotted away.
It was a potion of flight.
You feel very buoyant.
You fly up into the air.
The gnoll hits you with a +0 flail.
You die...

#.# ######### #.#
#.......#
####.######.......#
####....#............#
#.......#............#
#.......#............#
#....)..#............#
#.......#........########
#.......@................
#....##g#........#.####..
#....##.##########.# #..
#....##.# #.# ###
#######.##########.######
#>.................
############.######
#........# #.########


You could see a gnoll.

Vanquished Creatures
  3 adders
  A dart slug (D:2)
  3 leopard geckos
  3 orcs (D:3)
  A bat (D:1)
  2 hobgoblins
  3 jackals (D:1)
  A quokka (D:2)
  A ball python (D:2)
  A frilled lizard (D:2)
  2 goblins
  7 kobolds
  7 rats
35 creatures vanquished.

Notes
Turn   | Place    | Note
-------+----------+-------------------------------------------
     0 | D:1      | MirrMurr the Demonspawn Berserker began the quest for the
                  | Orb.
     0 | D:1      | Reached XP level 1. HP: 18/18 MP: 1/1
   446 | D:1      | Gained mutation: You have sharp toenails. [demonic
                  | ancestry]
   446 | D:1      | Reached XP level 2. HP: 24/24 MP: 2/2
  1230 | D:2      | Gained mutation: You have razor-sharp toenails. [demonic
                  | ancestry]
  1230 | D:2      | Reached XP level 3. HP: 29/29 MP: 3/3
  1845 | D:3      | Reached ** piety under Trog
  2126 | D:3      | Gained mutation: You are partially covered in yellow
                  | scales. (AC +2) [demonic ancestry]
  2126 | D:3      | Reached XP level 4. HP: 35/35 MP: 4/4
  2161 | D:2      | Slain by a gnoll

Levels and vault maps discovered:
D:1:      lightli_arrival_statue_moat, layout_loops_corners, feat_on_display
D:2:      layout_basic, first_ration
D:3:      layout_loops_ring

Skill      XL: |  1  2 |
---------------+-------+-----
Polearms       | 3 |  3.5
Armour         | 2 |  2.3
Dodging        | 2 |  2.3
Fighting       | |  3.4

Action                   |  1- 3 |  4- 6 || total
-------------------------+-------+-------++-------
Melee: Spear             |   118 |     4 ||   122
       Kick              |    19 |       ||    19
  Use: Scroll            |     3 |       ||     3
       Potion            |       |     1 ||     1
 Stab: Sleeping          |     1 |       ||     1
  Eat: Chunk             |     4 |       ||     4
Armor: Animal skin       |     1 |       ||     1
       Leather armour    |     9 |       ||     9
       Ring mail         |    18 |     2 ||    20
Dodge: Dodged            |    47 |     3 ||    50

Table legend:
 A = Non-vault XP
 B = Vault XP
 C = Vault XP percentage of total XP
 D = Non-vault monster count
 E = Vault monster count
 F = Vault count percentage of total count
                 A         B        C        D         E       F
            +---------+---------+-------+---------+---------+-------
      Total |      97 |       0 |   0.0 |      35 |       0 |   0.0
            +---------+---------+-------+---------+---------+-------
        D:1 |      19 |       0 |   0.0 |      10 |       0 |   0.0
        D:2 |      41 |       0 |   0.0 |      10 |       0 |   0.0
        D:3 |      37 |       0 |   0.0 |      15 |       0 |   0.0
            +---------+---------+-------+---------+---------+-------
